AoeStats
← [RZ] Italo_Rafael

Arabia

510813162Analyzed
3v3 RM · 24h ago on Oct 2, 2026· 30m 23s· 6 players
Game mode
Random Map
Map size
Normal (6 player)
Population
200
Speed
Normal
Resources
Standard
Victory
Conquest
Starting age
Dark Age
Ending age
Imperial Age
RankedLock teamsTeams togetherTeam positionsShared explorationLock speedFull tech treeHidden civsTurbo modeCheats
Victory
Defeat
🇧🇷 Maya · Brazil
1397
+12
🇧🇷 Magyars · Brazil
1391
+12
🇧🇷 Vietnamese · Brazil
1169
+20
🇬🇧 Japanese · United Kingdom
1331
-16
🇬🇧 Ethiopians · United Kingdom
1283
-14
🇬🇧 Saxons · United Kingdom
1271
-14
cdb
3:31 Loom
10:14 Feudal Age
10:53 Double-Bit Axe
13:50 Fletching
14:01 Padded Archer Armor
14:28 Horse Collar
14:39 Gold Mining
26:24 Castle Age
26:39 Crossbowman
27:15 Bodkin Arrow
Ronnie Eggs
9:44 Feudal Age
10:26 Double-Bit Axe
10:26 Horse Collar
13:38 Loom
14:08 Scale Barding Armor
15:26 Scale Barding Armor
20:53 Castle Age
19:41 Fletching
19:58 Gold Mining
21:01 Padded Archer Armor
22:12 Bow Saw
22:09 Crossbowman
25:39 Leather Archer Armor
boluwatifeajibade
7:09 Loom
9:33 Feudal Age
9:38 Man-at-Arms
13:44 Double-Bit Axe
15:03 Horse Collar
17:29 Fletching
20:17 Padded Archer Armor
23:29 Castle Age
22:38 Padded Archer Armor
23:32 Crossbowman
24:37 Bodkin Arrow
25:50 Ballistics
[RZ] Italo_Rafael
6:51 Loom
10:25 Feudal Age
17:25 Fletching
17:45 Padded Archer Armor
20:06 Double-Bit Axe
27:38 Castle Age
27:59 Elite Skirmisher
[RZ] Joãozinho
7:03 Loom
9:17 Feudal Age
9:52 Double-Bit Axe
16:07 Scale Barding Armor
18:08 Wheelbarrow
21:35 Castle Age
19:49 Gold Mining
20:04 Horse Collar
20:48 Bloodlines
22:36 Bow Saw
27:08 Chain Barding Armor
27:27 Husbandry
[RZ] Arch Oxys
0:26 Loom
8:48 Feudal Age
12:37 Fletching
14:31 Double-Bit Axe
15:52 Padded Archer Armor
24:20 Castle Age
22:51 Gold Mining
24:58 Bodkin Arrow
24:24 Crossbowman
27:43 Ballistics
29:55 Bow Saw
30:21 Horse Collar
31:21 Wheelbarrow
Connection lost

Rejoining the realm…

Still unreachable

The connection could not be restored.

Session expired

The server has moved on; the page needs a fresh start.